 Dungeon Crawl Stone Soup version 0.29.1-12-g30fa7ad0bf (webtiles) character file.

Game seed: 11621409427019818934

548 xzight the Shield-Bearer (level 7, 0/60 HPs)
             Began as a Gnoll Fighter on Dec 29, 2022.
             Slain by an orc
             ... wielding a +0 mace
              (2 damage)
             ... on level 3 of the Dungeon.
             The game lasted 00:02:39 (2676 turns).

xzight the Shield-Bearer (Gnoll Fighter)            Turns: 2676, Time: 00:02:40

Health: 0/60       AC:  7    Str: 16    XL:     7   Next: 28%
Magic:  0/10       EV: 10    Int: 15    God:
Gold:   155        SH:  0    Dex: 11    Spells: 11/11 levels left

rFire   . . .      SeeInvis .   a - +0 trident
rCold   . . .      Faith    .   c - +0 buckler
rNeg    . . .      Spirit   +   b - +0 scale mail
rPois   .          Reflect  .   (no helmet)
rElec   .          Harm     .   (no cloak)
rCorr   .          Rampage  .   (no gloves)
Will    .....                   (no boots)
Stlth   ..........              h - amulet of guardian spirit
HPRegen 0.20/turn               I - +6 ring of intelligence
MPRegen 0.12/turn               (no ring)

@: confused
A: fangs 1, strong nose, distributed training
a: no special abilities


You were on level 3 of the Dungeon.
You visited 1 branch of the dungeon, and saw 4 of its levels.

You collected 155 gold pieces.


Innate Abilities, Weirdness & Mutations

You have very sharp teeth.
Your uncanny sense of smell can sniff out nearby items.
Your experience applies equally to all skills.


   Skills:
 + Level 7.0 Fighting
 + Level 2.5 Short Blades
 + Level 2.5 Long Blades
 + Level 2.5 Axes
 + Level 2.5 Maces & Flails
 + Level 5.2 Polearms
 + Level 2.5 Staves
 + Level 2.5 Ranged Weapons
 + Level 2.5 Throwing
 + Level 7.0 Armour
 + Level 2.5 Dodging
 + Level 2.5 Stealth
 + Level 7.0 Shields
 + Level 2.5 Unarmed Combat
 + Level 2.5 Spellcasting
 + Level 2.0 Conjurations
 + Level 2.0 Hexes
 + Level 2.0 Summonings
 + Level 2.0 Necromancy
 + Level 2.0 Translocations
 + Level 2.0 Transmutations
 + Level 2.0 Fire Magic
 + Level 2.0 Ice Magic
 + Level 2.0 Air Magic
 + Level 2.0 Earth Magic
 + Level 2.0 Poison Magic
 + Level 2.7 Invocations
 + Level 2.5 Evocations


You had 11 spell levels left.
You didn't know any spells.
Your spell library was empty.

Inventory:

Hand Weapons
 a - a +0 trident (weapon)
Missiles
 k - 3 poisoned darts (quivered)
Armour
 b - a +0 scale mail (worn)
 c - a +0 buckler (worn)
Jewellery
 h - an amulet of guardian spirit (around neck)
 I - a +6 ring of intelligence (left hand)
Scrolls
 j - a scroll of teleportation {unknown}
 l - a scroll of identify {unknown}
 n - a scroll of vulnerability {unknown}
 o - a scroll of noise {unknown}
 q - a scroll of fear {unknown}
Potions
 d - a potion of might
 e - a potion of curing {unknown}
 f - a potion of heal wounds {unknown}
 g - a potion of flight {unknown}
 i - a potion of ambrosia {unknown}
 m - a potion of mutation {unknown}
 p - a potion of brilliance {unknown}
 r - a potion of haste {unknown}

Dungeon Overview and Level Annotations

Branches:
Dungeon (4/15)
 Temple: D:4-7

Altars:
Nemelex Xobeh
Sif Muna

Annotations:
D:4 Edmund

.... ...)..
....... .......###
.........##
#.........##
...........#
.........{)# ..
.........o@# ...
#........o## ..#
.#.......######..#
#####.#...|.....#
#.#.........#
##.#.........#
.............#
###.##..####.# ##
... ##.## .###. ..


You could see 2 orcs.


Message History

* * * LOW HITPOINT WARNING * * *
Unknown command.
You closely miss the orc wizard.
You bite the orc wizard, but do no damage.
The orc wizard is severely wounded.
The orc wizard barely misses you. Something hits you.
* * * LOW HITPOINT WARNING * * *
The orc hits you with a +0 mace.
* * * LOW HITPOINT WARNING * * *
The orc hits you but does no damage.
You hit the orc wizard.
You kill the orc wizard!
Something hits you but does no damage. The orc hits you but does no damage.
You block the orc's attack. The orc hits you but does no damage.
You hear some strange, mumbled words.
You are confused.
The orc misses you.
You closely miss the orc. Something hits you but does no damage.
The orc hits you with a +0 mace.
* * * LOW HITPOINT WARNING * * *
The orc barely misses you.
You miss something. Something hits you but does no damage.
The orc closely misses you. The orc hits you but does no damage.
Unknown command.
You puncture the orc!
The orc is almost dead.
Something hits you.
* * * LOW HITPOINT WARNING * * *
The orc hits you with a +0 mace.
You die...

Skill      XL: |  1  2  3  4  5  6  7 |
---------------+----------------------+-----
Invocations    | 1 2 |  2.7
Short Blades   | 1 2 |  2.5
Long Blades    | 1 2 |  2.5
Axes           | 1 2 |  2.5
Maces & Flails | 1 2 |  2.5
Staves         | 1 2 |  2.5
Ranged Weapons | 1 2 |  2.5
Throwing       | 1 2 |  2.5
Dodging        | 1 2 |  2.5
Stealth        | 1 2 |  2.5
Unarmed Combat | 1 2 |  2.5
Spellcasting   | 1 2 |  2.5
Evocations     | 1 2 |  2.5
Conjurations   | 1 2 |  2.0
Hexes          | 1 2 |  2.0
Summonings     | 1 2 |  2.0
Necromancy     | 1 2 |  2.0
Translocations | 1 2 |  2.0
Transmutations | 1 2 |  2.0
Fire Magic     | 1 2 |  2.0
Ice Magic      | 1 2 |  2.0
Air Magic      | 1 2 |  2.0
Earth Magic    | 1 2 |  2.0
Poison Magic   | 1 2 |  2.0
Polearms       | 5 |  5.2
Fighting       | 7 |  7.0
Armour         | 7 |  7.0
Shields        | 7 |  7.0

Action                   |  1- 3 |  4- 6 |  7- 9 || total
-------------------------+-------+-------+-------++-------
Melee: Trident           |    72 |   117 |    16 ||   205
       Bite              |     4 |    10 |     1 ||    15
 Stab: Distracted        |       |     1 |       ||     1
Armor: Scale mail        |    13 |    52 |    16 ||    81
Dodge: Dodged            |    15 |    56 |    14 ||    85
Block: Buckler           |    11 |    37 |     4 ||    52

Levels and vault maps discovered:
D:1:      heliophobic_arrival_ceremonial_halls, layout_loops_corners,
          hellmonk_ecumenical_altar_dog_temple, dk_noncrumbling_3,
          minmay_misc_feat_iff, chequers_mini_garden
D:2:      cheibrodos_greedy_goblins, layout_basic,
          hangedman_abyss_or_decor_stabs, grunt_ministairs_6
D:3:      layout_rooms, mainiacjoe_overflow_big_doors, general_overflow_altar,
          serial_shops, nicolae_shop_stone, shop
D:4:      layout_basic, nemelex_spade_bored_becter, kennysheep_generic_room_12,
          uniq_edmund, uniq_menkaure

Notes
Turn   | Place    | Note
-------+----------+-------------------------------------------
     0 | D:1      | xzight the Gnoll Fighter began the quest for the Orb.
     0 | D:1      | Reached XP level 1. HP: 23/23 MP: 1/1
   370 | D:1      | Reached XP level 2. HP: 22/29 MP: 2/2
   668 | D:1      | Found a faded altar of an unknown god.
   818 | D:1      | Reached XP level 3. HP: 35/35 MP: 3/3
  1299 | D:2      | Reached skill level 1 in Invocations
  1388 | D:2      | You fall into a shaft and drop 2 floors!
  1403 | D:4      | Reached skill level 1 in Short Blades
  1403 | D:4      | Reached skill level 1 in Long Blades
  1403 | D:4      | Reached skill level 1 in Axes
  1403 | D:4      | Reached skill level 1 in Maces & Flails
  1403 | D:4      | Reached skill level 1 in Staves
  1403 | D:4      | Reached skill level 1 in Ranged Weapons
  1403 | D:4      | Reached skill level 1 in Throwing
  1403 | D:4      | Reached skill level 1 in Dodging
  1403 | D:4      | Reached skill level 1 in Stealth
  1403 | D:4      | Reached skill level 1 in Unarmed Combat
  1403 | D:4      | Reached skill level 1 in Spellcasting
  1403 | D:4      | Reached skill level 1 in Evocations
  1403 | D:4      | Reached XP level 4. HP: 41/41 MP: 5/5
  1474 | D:4      | Noticed Menkaure
  1483 | D:4      | Killed Menkaure
  1484 | D:4      | Reached skill level 1 in Conjurations
  1484 | D:4      | Reached skill level 1 in Hexes
  1484 | D:4      | Reached skill level 1 in Summonings
  1484 | D:4      | Reached skill level 1 in Necromancy
  1484 | D:4      | Reached skill level 1 in Translocations
  1484 | D:4      | Reached skill level 1 in Transmutations
  1484 | D:4      | Reached skill level 1 in Fire Magic
  1484 | D:4      | Reached skill level 1 in Ice Magic
  1484 | D:4      | Reached skill level 1 in Air Magic
  1484 | D:4      | Reached skill level 1 in Earth Magic
  1484 | D:4      | Reached skill level 1 in Poison Magic
  1484 | D:4      | Reached XP level 5. HP: 44/47 MP: 5/7
  1581 | D:4      | Reached skill level 2 in Invocations
  1735 | D:4      | Reached XP level 6. HP: 42/53 MP: 6/8
  2009 | D:4      | Found a sparkling altar of Nemelex Xobeh.
  2091 | D:4      | Noticed a black bear
  2095 | D:4      | Noticed Edmund
  2111 | D:4      | Reached skill level 2 in Short Blades
  2111 | D:4      | Reached skill level 2 in Long Blades
  2111 | D:4      | Reached skill level 2 in Axes
  2111 | D:4      | Reached skill level 2 in Maces & Flails
  2111 | D:4      | Reached skill level 5 in Polearms
  2111 | D:4      | Reached skill level 2 in Staves
  2111 | D:4      | Reached skill level 2 in Ranged Weapons
  2111 | D:4      | Reached skill level 2 in Throwing
  2111 | D:4      | Reached skill level 2 in Dodging
  2111 | D:4      | Reached skill level 2 in Stealth
  2111 | D:4      | Reached skill level 2 in Unarmed Combat
  2111 | D:4      | Reached skill level 2 in Spellcasting
  2111 | D:4      | Reached skill level 2 in Evocations
  2346 | D:3      | Found a shimmering blue altar of Sif Muna.
  2538 | D:3      | Reached skill level 7 in Fighting
  2538 | D:3      | Reached skill level 7 in Armour
  2538 | D:3      | Reached skill level 7 in Shields
  2538 | D:3      | Reached XP level 7. HP: 43/60 MP: 7/10
  2632 | D:3      | Reached skill level 2 in Conjurations
  2632 | D:3      | Reached skill level 2 in Hexes
  2632 | D:3      | Reached skill level 2 in Summonings
  2632 | D:3      | Reached skill level 2 in Necromancy
  2632 | D:3      | Reached skill level 2 in Translocations
  2632 | D:3      | Reached skill level 2 in Transmutations
  2632 | D:3      | Reached skill level 2 in Fire Magic
  2632 | D:3      | Reached skill level 2 in Ice Magic
  2632 | D:3      | Reached skill level 2 in Air Magic
  2632 | D:3      | Reached skill level 2 in Earth Magic
  2632 | D:3      | Reached skill level 2 in Poison Magic
  2674 | D:3      | HP: 5/60 [orc/+0 mace (3)]
  2676 | D:3      | HP: 2/60 [something (3)]
  2676 | D:3      | Slain by an orc

Vanquished Creatures
  Menkaure (D:4)
  A centaur (D:3)
  2 orc priests (D:3)
  3 hounds
  2 iguanas (D:4)
  2 orc wizards (D:3)
  4 adders
  2 worms (D:2)
  A dart slug (D:1)
  5 orcs
  5 ball pythons
  3 bats
  3 endoplasms
  7 goblins
  4 hobgoblins
  4 jackals (D:1)
  4 kobolds
  A quokka (D:1)
  3 rats (D:1)
57 creatures vanquished.

Table legend: (Time is in decaauts)
 A = Elapsed time spent in this place.
 B = Non-inter-level travel time spent in this place.
 C = Inter-level travel time spent in this place.
 D = Time resting spent in this place.
 E = Time spent auto-exploring this place.
 F = Levels seen in this place.
 G = Mean time per level.
                   A        B        C        D        E       F      G
               +--------+--------+--------+--------+--------+-----+--------+
         Total |   2695 |   2574 |    121 |    342 |   1811 |   4 |  673.8 |
       Dungeon |   2695 |   2574 |    121 |    342 |   1811 |   4 |  673.8 |
               +--------+--------+--------+--------+--------+-----+--------+

Top non-repeatable levels by time:
     D:1: 1231 daAuts
     D:4: 745 daAuts
     D:3: 553 daAuts
     D:2: 164 daAuts

Table legend:
 A = Non-vault XP
 B = Vault XP
 C = Vault XP percentage of total XP
 D = Non-vault monster count
 E = Vault monster count
 F = Vault count percentage of total count
                 A         B        C        D         E       F
            +---------+---------+-------+---------+---------+-------
      Total |     582 |     202 |  25.8 |      49 |       8 |  14.0
            +---------+---------+-------+---------+---------+-------
        D:1 |      29 |       8 |  21.6 |      15 |       4 |  21.1
        D:2 |       7 |       6 |  46.2 |       2 |       2 |  50.0
        D:3 |     385 |       0 |   0.0 |      16 |       0 |   0.0
        D:4 |     161 |     188 |  53.9 |      16 |       2 |  11.1
            +---------+---------+-------+---------+---------+-------
